 Dungeon Crawl Stone Soup version 0.25-a0-425-g0e000e855e (webtiles) character file.

Game seed: 2863110153477146694, levelgen mode: deterministic

193 ReteAZ the Cudgeler (level 5, -1/41 HPs)
             Began as a Demonspawn Abyssal Knight on Jan 24, 2020.
             Was a Believer of Lugonu.
             Slain by a centaur (4 damage)
             ... on level 2 of the Dungeon.
             The game lasted 00:07:43 (3914 turns).

ReteAZ the Cudgeler (Demonspawn Abyssal Knight)     Turns: 3914, Time: 00:07:44

Health: -1/41      AC:  7    Str: 11 (14) XL:     5   Next: 43%
Magic:  7/7        EV:  9    Int: 10 (13) God:    Lugonu [**....]
Gold:   163        SH:  2    Dex:  9 (12) Spells: 4/4 levels left

rFire    . . .     SeeInvis .   p - +0 morningstar
rCold    + . .     Gourm    .   f - +0 buckler
rNeg     . . .     Faith    .   o - +0 ring mail
rPois    .         Spirit   .   (no helmet)
rElec    .         Reflect  .   (no cloak)
rCorr    .         Harm     .   (no gloves)
MR       .....                  (no boots)
Stlth    +.........             (no amulet)
HPRegen  0.13/turn              (no ring)
MPRegen  0.10/turn              (no ring)

@: no status effects
A: claws 1, thin metallic scales 1, cold resistance 1, powered by death 1
a: Depart the Abyss, Bend Space, Renounce Religion


You were on level 2 of the Dungeon.
You worshipped Lugonu.
Lugonu was pleased with you.
You were not hungry.

You visited 1 branch of the dungeon, and saw 3 of its levels.
You visited the Abyss 1 time.

You collected 163 gold pieces.

Inventory:

Hand Weapons
 a - a +1 mace
 j - a +0 flail
 p - a +0 morningstar (weapon)
Missiles
 e - 88 stones
 q - 6 boomerangs (quivered)
Armour
 b - a +0 leather armour
 f - a +0 buckler (worn)
 o - a +0 ring mail (worn)
Jewellery
 h - an uncursed amulet of guardian spirit {unknown}
 m - a cursed -2 ring of strength {unknown}
Scrolls
 d - a scroll of amnesia {unknown}
 i - 2 scrolls of enchant weapon {unknown}
 k - a scroll of teleportation {unknown}
 n - 3 scrolls of identify {unknown}
 r - a scroll of immolation {unknown}
 s - a scroll of fog {unknown}
 u - a scroll of fear {unknown}
 v - a scroll of remove curse {unknown}
Potions
 g - 2 potions of might
 l - a potion of resistance
 t - a potion of curing
 w - 2 potions of brilliance {unknown}
Comestibles
 c - 4 rations
 x - 2 chunks of flesh


   Skills:
 - Level 3.0 Fighting
 * Level 4.8 Maces & Flails
 + Level 0.3 Throwing
 - Level 1.7 Armour
 - Level 0.8 Dodging
 + Level 1.0 Stealth
 + Level 3.0 Invocations


You had 4 spell levels left.
You didn't know any spells.
Your spell library was empty.

Dungeon Overview and Level Annotations

Branches:
Dungeon (3/15)

Altars:

Annotations:
D:3 2 transporters, UrsusMedved's ghost, amateur DsAK


Innate Abilities, Weirdness & Mutations

You have sharp fingernails.
You are partially covered in thin metallic scales. (AC +2)
Your flesh is cold resistant. (rC+)
You regenerate a little health from kills.


Message History

You hit the centaur.
The centaur is severely wounded.
The centaur hits you. The centaur barely misses you.
You hit the centaur but do no damage.
The centaur is severely wounded.
The centaur closely misses you. The centaur hits you!
You hit the centaur.
The centaur is almost dead.
The centaur hits you but does no damage.
You block the centaur's attack.
Your shield and ring mail prevent you from hitting the centaur.
The centaur is almost dead.
The centaur hits you!
* * * LOW HITPOINT WARNING * * *
The centaur hits you.
* * * LOW HITPOINT WARNING * * *
You hit the centaur.
The centaur is almost dead.
The centaur hits you.
You die...

#.........#........#
#.........#........#
#.........#........###
#.........#..........#####
##........[####...........
#.......................<.
#..^........####.......).#
#.........c...##.........#
#........@#..............#
#.........#.#........[...#
##.......##.##...#....####
##)....###.##.#......####
###..###.....(....#...#.
#..# #...........##.#.
#..# #..c......#.##...
#..###.......<...###.#
#...##.........#.##..#


You could see a centaur.

Vanquished Creatures
  An orc priest (D:2)
  An orc wizard (D:2)
  7 adders
  A shadow imp (D:3)
  An ooze (D:1)
  A worm (D:3)
  2 dart slugs
  A leopard gecko (D:1)
  8 orcs
  6 bats
  3 giant cockroaches
  6 hobgoblins
  6 jackals
  6 kobolds
  A quokka (D:2)
  4 frilled lizards
  8 goblins
  7 rats
70 creatures vanquished.

Vanquished Creatures (others)
  A bat (D:2)
1 creature vanquished.

Grand Total: 71 creatures vanquished

Notes
Turn   | Place    | Note
-------+----------+-------------------------------------------
     0 | Abyss:1  | ReteAZ the Demonspawn Abyssal Knight began the quest for
                  | the Orb.
     0 | Abyss:1  | Reached XP level 1. HP: 18/18 MP: 2/2
    57 | Abyss:1  | Noticed a hell knight
    59 | D:1      | Escaped the Abyss
    93 | D:1      | Reached skill level 2 in Maces & Flails
   185 | D:1      | Gained mutation: You are partially covered in thin metallic
                  | scales. (AC +2) [demonic ancestry]
   185 | D:1      | Reached XP level 2. HP: 21/24 MP: 4/4
   483 | D:1      | Reached * piety under Lugonu
   544 | D:1      | Reached skill level 3 in Maces & Flails
   552 | D:1      | Gained mutation: Your flesh is cold resistant. (rC+)
                  | [demonic ancestry]
   552 | D:1      | Reached XP level 3. HP: 18/29 MP: 5/5
  1268 | D:2      | Noticed a centaur
  1933 | D:3      | Gained mutation: You have sharp fingernails. [demonic
                  | ancestry]
  1933 | D:3      | Reached XP level 4. HP: 15/35 MP: 6/6
  2358 | D:3      | Reached skill level 4 in Maces & Flails
  2440 | D:3      | Found a transporter.
  2441 | D:3      | Noticed UrsusMedved's ghost (amateur DsAK)
  2443 | D:3      | Found a transporter.
  2552 | D:3      | Reached ** piety under Lugonu
  2556 | D:3      | Reached skill level 1 in Stealth
  3108 | D:2      | Gained mutation: You regenerate a little health from kills.
                  | [demonic ancestry]
  3108 | D:2      | Reached XP level 5. HP: 23/41 MP: 7/7
  3914 | D:2      | Slain by a centaur

Levels and vault maps discovered:
D:1:      saegor_arrival_simple_c, layout_basic
D:2:      layout_rooms
D:3:      layout_loops_ring, gammafunk_ghost_arena

Skill      XL: |  1  2  3  4 |
---------------+-------------+-----
Maces & Flails | 2 3 4 |  4.8
Invocations    | 3 |  3.0
Stealth        | 1 |  1.0
Fighting       | |  3.0
Throwing       | |  0.3
Armour         | |  1.7
Dodging        | |  0.8

Action                   |  1- 3 |  4- 6 || total
-------------------------+-------+-------++-------
Melee: Mace              |   108 |    24 ||   132
       Morningstar       |       |   105 ||   105
Throw: Stone             |    13 |    10 ||    23
       Boomerang         |       |     9 ||     9
Invok: Depart the Abyss  |     1 |       ||     1
  Use: Potion            |       |     4 ||     4
 Stab: Sleeping          |     1 |       ||     1
  Eat: Chunk             |     3 |     7 ||    10
Armor: Leather armour    |    40 |     3 ||    43
       Ring mail         |       |    70 ||    70
Dodge: Dodged            |    89 |    76 ||   165
Block: Buckler           |       |    16 ||    16

Table legend:
 A = Non-vault XP
 B = Vault XP
 C = Vault XP percentage of total XP
 D = Non-vault monster count
 E = Vault monster count
 F = Vault count percentage of total count
                 A         B        C        D         E       F
            +---------+---------+-------+---------+---------+-------
      Total |     276 |       0 |   0.0 |      70 |       0 |   0.0
            +---------+---------+-------+---------+---------+-------
        D:1 |      52 |       0 |   0.0 |      25 |       0 |   0.0
        D:2 |     127 |       0 |   0.0 |      22 |       0 |   0.0
        D:3 |      97 |       0 |   0.0 |      23 |       0 |   0.0
            +---------+---------+-------+---------+---------+-------
